 Dungeon Sprint DCSS version 0.30-a0-177-g1cb5dbfd7a (webtiles) character file.

Game seed: 17766790761556309689

70 rocky1 the Chopper (level 4, -3/41 HPs)
             Began as a Hill Orc Reaver on Oct 3, 2022.
             Was an Initiate of Okawaru.
             Slain by a centaur (5 damage)
             ... in the Dungeon (Sprint VII: "The Pits").
             The game lasted 00:01:29 (467 turns).

rocky1 the Chopper (Hill Orc Reaver)                 Turns: 467, Time: 00:01:29

Health: -3/41      AC:  3    Str: 14    XL:     4   Next: 22%
Magic:  8/8        EV: 12    Int: 15    God:    Okawaru [......]
Gold:   0          SH:  0    Dex:  9    Spells: 8/9 levels left

rFire   . . .      SeeInvis .    l - +2 hand axe
rCold   . . .      Faith    .    (no shield)
rNeg    . . .      Spirit   .    b - +0 leather armour
rPois   .          Reflect  .    (no helmet)
rElec   .          Harm     .    (no cloak)
rCorr   .          Rampage  .    (no gloves)
Will    .....      NoTele   +    (no boots)
Stlth   +.........               (no amulet)
HPRegen 0.26/turn                (no ring)
MPRegen 0.11/turn                (no ring)

@: no status effects
A: no striking features
a: Renounce Religion


You were in the Dungeon.
You worshipped Okawaru.
Okawaru was noncommittal.
You visited 1 branch

Inventory:

Hand Weapons
 a - a +0 hand axe
 l - a +2 hand axe (weapon)
 m - a +2 mace
Armour
 b - a +0 leather armour (worn)
Scrolls
 h - a scroll of blinking
 j - 5 scrolls of amnesia
 k - a scroll of summoning
Potions
 c - a potion of curing
 e - a potion of haste
 f - 4 potions of magic
 g - 2 potions of berserk rage
 i - 2 potions of invisibility


   Skills:
 + Level 4.8 Fighting
 + Level 6.1 Axes
 + Level 3.2 Dodging
 + Level 3.0 Spellcasting
 + Level 4.6 Conjurations


You had 8 spell levels left.
You knew the following spells:

 Your Spells              Type           Power      Damage    Failure   Level
a - Kiss of Death         Conj/Necr      36%        2d8       10%         1

Your spell library contained the following spells:

 Spells                   Type           Power      Damage    Failure   Level
 Momentum Strike          Conj/Tloc      18%        3d8       16%         2
 Hailstorm                Conj/Ice       9%         3d4       30%         3


Dungeon Overview and Level Annotations

Branches:
Dungeon (1/1)

Altars:
Ashenzari
Cheibriados
Dithmenos
Elyvilon
Fedhas
Gozag
Hepliaklqana
Kikubaaqudgha
Makhleb
Nemelex Xobeh
Okawaru
Qazlal
Ru
Sif Muna
Trog
Uskayaw
Vehumet
Wu Jian
Xom
Yredelemnul
Zin
The Shining One
Beogh
Jiyva
Lugonu


Message History

You barely miss the centaur.
The centaur is severely wounded.
The centaur hits you. The centaur kicks you. The centaur barely misses you. x2
You hit the centaur but do no damage.
The centaur is heavily wounded.
The centaur hits you.
* * * LOW HITPOINT WARNING * * *
The centaur kicks you but does no damage.
You hit the centaur.
The centaur is severely wounded.
The centaur barely misses you. The centaur kicks you.
* * * LOW HITPOINT WARNING * * *
The centaur barely misses you.
The centaur kicks you but does no damage.
You hit the centaur.
The centaur is almost dead.
The centaur completely misses you. The centaur barely misses you.
You closely miss the centaur.
The centaur is almost dead.
The centaur closely misses you.
The centaur kicks you but does no damage.
The centaur barely misses you.
The centaur kicks you but does no damage.
You hit the centaur but do no damage.
The centaur is severely wounded.
The centaur hits you.
* * * LOW HITPOINT WARNING * * *
The centaur closely misses you.
You barely miss the centaur.
The centaur is severely wounded.
The centaur hits you.
* * * LOW HITPOINT WARNING * * *
The centaur kicks you.
* * * LOW HITPOINT WARNING * * *
The centaur closely misses you. The centaur kicks you.
* * * LOW HITPOINT WARNING * * *
You hit the centaur but do no damage.
The centaur is severely wounded.
The centaur hits you.
You die...

#.?(.').)'.##......#..#.
##########.##...........
#..........†'...........
#+#####'#####......#..#.
#.....##...........
#####'#####'#####++
#...÷.##.......#
#.....##.......#
###@####.......#
#.†c†.##...<...#
........##.......#
#........##.......#
###########.......#
#########


You could see a centaur.

Vanquished Creatures
  A scorpion (D)
  An adder (D)
  An endoplasm (D)
  A giant cockroach (D)
  A quokka (D)
  2 frilled lizards (D)
  A quokka skeleton (D)
8 creatures vanquished.

Notes
Turn   | Place    | Note
-------+----------+-------------------------------------------
     0 | D        | rocky1 the Hill Orc Reaver began the quest for the Orb.
     0 | D        | Reached XP level 1. HP: 18/18 MP: 3/3
    11 | D        | Noticed a scorpion
    17 | D        | Killed a scorpion
    18 | D        | Reached skill level 5 in Axes
    18 | D        | Reached XP level 2. HP: 28/28 MP: 3/5
    18 | D        | Reached XP level 3. HP: 34/34 MP: 4/7
   106 | D        | Found a bloodstained altar of Trog.
   106 | D        | Found a shimmering blue altar of Sif Muna.
   106 | D        | Found a viscous altar of Jiyva.
   106 | D        | Found a hazy altar of Hepliaklqana.
   106 | D        | Found an opulent altar of Gozag.
   107 | D        | Found a glowing golden altar of the Shining One.
   107 | D        | Found a glowing silver altar of Zin.
   107 | D        | Found a basalt altar of Yredelemnul.
   107 | D        | Found a shimmering altar of Xom.
   107 | D        | Found an ornate altar of the Wu Jian Council.
   107 | D        | Found a sacrificial altar of Ru.
   107 | D        | Found a stormy altar of Qazlal.
   107 | D        | Found an iron altar of Okawaru.
   107 | D        | Found a sparkling altar of Nemelex Xobeh.
   107 | D        | Found a burning altar of Makhleb.
   107 | D        | Found a blossoming altar of Fedhas.
   107 | D        | Found a white marble altar of Elyvilon.
   107 | D        | Found a shadowy altar of Dithmenos.
   107 | D        | Found a snail-covered altar of Cheibriados.
   110 | D        | Found a corrupted altar of Lugonu.
   110 | D        | Found a radiant altar of Vehumet.
   110 | D        | Found a roughly hewn altar of Beogh.
   111 | D        | Found an ancient bone altar of Kikubaaqudgha.
   111 | D        | Found a hide-covered altar of Uskayaw.
   111 | D        | Found a broken altar of Ashenzari.
   125 | D        | Became a worshipper of Warmaster Okawaru
   150 | D        | Reached XP level 4. HP: 37/41 MP: 8/8
   169 | D        | Reached skill level 6 in Axes
   449 | D        | Noticed a centaur
   466 | D        | HP: 2/41 [centaur (3)]
   467 | D        | Slain by a centaur

Illustrated notes

Levels and vault maps discovered:
D:        pitsprint [storerooms_1, entrance_room_1, metal_vault_8, armoury_2,
          mini_pit_1, grid_room_1, main_hall_1, silver_pit, the_coven_3,
          the_vestibule_1, steel_vault_4, golden_pit, hallway_of_sentries,
          crystal_vault_3, iron_vault_1, final_vault]

Skill      XL: |  1  2  3  4 |
---------------+-------------+-----
Fighting       | 4 |  4.8
Axes           | 5 6 |  6.1
Dodging        | 3 |  3.2
Spellcasting   | 2 3 |  3.0
Conjurations   | 4 |  4.6

Action                   |  1- 3 |  4- 6 || total
-------------------------+-------+-------++-------
Melee: Hand axe          |    12 |    32 ||    44
  Use: Potion            |     1 |     1 ||     2
Armor: Leather armour    |     2 |     9 ||    11
Dodge: Dodged            |     6 |    31 ||    37

Table legend: (Time is in decaauts)
 A = Elapsed time spent in this place.
 B = Non-inter-level travel time spent in this place.
 C = Inter-level travel time spent in this place.
 D = Time resting spent in this place.
 E = Time spent auto-exploring this place.
 F = Levels seen in this place.
 G = Mean time per level.
                   A        B        C        D        E       F      G
               +--------+--------+--------+--------+--------+-----+--------+
         Total |    476 |    476 |      0 |    350 |      0 |   1 |  476.0 |
       Dungeon |    476 |    476 |      0 |    350 |      0 |   1 |  476.0 |
               +--------+--------+--------+--------+--------+-----+--------+

Top non-repeatable levels by time:
       D: 476 daAuts
